 Dungeon Crawl Stone Soup version 0.22-a0-542-gce4f928 (webtiles) character file.

193 iamserjio the Poker (level 5, -1/28 HPs)
             Began as a Vine Stalker Skald on June 24, 2018.
             Slain by an ogre
             ... wielding a +0 giant spiked club
              (10 damage)
             ... on level 4 of the Dungeon.
             The game lasted 00:05:35 (735 turns).

iamserjio the Poker (Vine Stalker Skald)             Turns: 735, Time: 00:05:36

Health: -1/28      AC:  4    Str: 13    XL:     5   Next: 72%
Magic:  0/9        EV: 12    Int: 14    God:
Gold:   96         SH:  0    Dex: 14    Spells: 3/8 levels left

rFire    . . .     SeeInvis .   a - +0 spear
rCold    . . .     Gourm    .   (no shield)
rNeg     . . .     Faith    .   b - +0 leather armour
rPois    .         Spirit   +   (no helmet)
rElec    .         Reflect  .   f - +0 cloak
rCorr    .         Harm     .   (no gloves)
MR       .....                  (no boots)
Stlth    +.........             (no amulet)
HPRegen  0.49/turn              (no ring)
MPRegen  0.11/turn              (no ring)

@: no status effects
A: fangs 2, regeneration 1, magic shield, antimagic bite, no potion heal 3, rot
immunity
a: no special abilities


You were on level 4 of the Dungeon.
You were not hungry.

You visited 1 branch of the dungeon, and saw 5 of its levels.

You collected 96 gold pieces.

Inventory:

Hand Weapons
 a - a +0 spear (weapon)
Missiles
 g - a throwing net (quivered) {!f}
Armour
 b - a +0 leather armour (worn)
 f - a +0 cloak (worn)
Scrolls
 e - a scroll of random uselessness {unknown}
 h - a scroll of fog {unknown}
 m - a scroll of identify {unknown}
Potions
 i - 2 potions of invisibility {unknown}
 j - a potion of degeneration {unknown}
 k - a potion of curing {unknown}
 l - a potion of magic {unknown}
 n - a potion of mutation {unknown}
Comestibles
 d - 5 rations


   Skills:
 + Level 3.2 Fighting
 * Level 4.4 Polearms
 - Level 0.7 Armour
 - Level 1.5 Dodging
 - Level 2.1 Spellcasting
 - Level 3.0 Charms


You had 3 spell levels left.
You knew the following spells:

 Your Spells              Type           Power        Failure   Level  Hunger
a - Infusion              Chrm           #...         9%          1    #......
b - Song of Slaying       Chrm           #.......     13%         2    ###....
c - Shroud of Golubria    Chrm/Tloc      #.........   24%         2    ###....

Your spell library contained the following spells:

 Spells                   Type           Power        Failure   Level  Hunger
 Regeneration             Chrm/Necr      #.........   43%         3    ###....
 Spectral Weapon          Hex/Chrm       #.......     43%         3    ###....


Dungeon Overview and Level Annotations

Branches:
Dungeon (5/15)
 Temple: D:4-7

Altars:
Okawaru
Sif Muna
Wu Jian
Xom


Innate Abilities, Weirdness & Mutations

You have extremely sharp teeth.
Your natural rate of healing is unusually fast.
When hurt, damage is shared between your health and your magic reserves.
Your bite disrupts and absorbs the magic of your enemies.
Potions cannot restore your health.
You are immune to rotting.


Message History

The ogre is moderately wounded.
Your song has ended.
You hit the ogre.
The ogre is moderately wounded.
The ogre misses you.
You hit the ogre.
The ogre is moderately wounded.
The ogre hits you with a giant spiked club!!
Ouch! That really hurt!
* * * LOW HITPOINT WARNING * * *
Casting: Shroud of Golubria (safe; 24% risk of failure)
Confirm with . or Enter, or press ? or * to list all spells.
Okay, then.
Casting: Shroud of Golubria (safe; 24% risk of failure)
Confirm with . or Enter, or press ? or * to list all spells.
Space distorts slightly along a thin shroud covering your body.
You hit the ogre. You bite the ogre. You drain its power.
You feel invigorated.
The ogre is heavily wounded.
The ogre hits you with a giant spiked club!
You die...

,* ###.#,*..........#,*,*,,,,,,**
,* #...#,*,.........#,*,*,,,,,,**
,* #.#.#,*,,.....)..#,*∩*,,,,,,**
,*##.###,*,,,.......#,*,*,,,,,,,,
,##...##,,,,,,......*,,,,,,,,,,,,
##.....########..#***,,,,,,,,,,,,
#.......#........# *,,,,,,,,,,,,
...._.....######O# *,,,,,,,,,,,,
#.......##.....#@# *,,,,,,,,,,,,
##.....##*.###.#.# **,**,_,*,,*,
,##...## *.#,,,#.# ****,*******,
,*##.##***.#+**#.#* *,********,,,
,*#..* *,,..,,,...***,*,*,,,,,,,,
,*#.#* *,,..,,,..?,,,,,,*,,,,,,,,
,*#,****,,,,,,,...*****,*,,,,,,,,
,,,,,,,,,,,*,*##### *,*,,,,,,,,
************,* *,+,,,,,,,,


You could see an ogre.

Vanquished Creatures
  An ogre (D:4)
  Blork the orc (D:4)
  An adder (D:3)
  2 dart slugs (D:1)
  A ball python (D:1)
  4 goblins
  2 hobgoblins
  4 jackals
  4 kobolds
  5 bats
  2 frilled lizards
  A rat (D:3)
28 creatures vanquished.

Notes
Turn   | Place    | Note
-------+----------+-------------------------------------------
     0 | D:1      | iamserjio the Vine Stalker Skald began the quest for the Orb.
     0 | D:1      | Reached XP level 1. HP: 11/11 MP: 4/4
    31 | D:1      | Reached skill level 2 in Polearms
    97 | D:1      | Reached XP level 2. HP: 13/15 MP: 6/6
   176 | D:1      | Learned a level 2 spell: Song of Slaying
   179 | D:1      | Learned a level 2 spell: Shroud of Golubria
   239 | D:2      | Found a shimmering altar of Xom.
   270 | D:2      | Found an iron altar of Okawaru.
   299 | D:2      | Noticed an ice beast
   373 | D:1      | Reached XP level 3. HP: 14/18 MP: 4/7
   538 | D:3      | Reached skill level 3 in Polearms
   651 | D:4      | Found a deep blue altar of Sif Muna.
   663 | D:5      | Entered Level 5 of the Dungeon
   692 | D:4      | Found an ornate altar of the Wu Jian Council.
   704 | D:4      | Noticed Blork the orc
   704 | D:4      | Noticed an ogre
   705 | D:4      | Noticed an ogre
   720 | D:4      | Killed Blork the orc
   720 | D:4      | Gained mutation: Your natural rate of healing is unusually fast. [Vine Stalker growth]
   720 | D:4      | Reached XP level 4. HP: 21/23 MP: 8/8
   730 | D:4      | Killed an ogre
   730 | D:4      | Reached skill level 4 in Polearms
   730 | D:4      | Reached XP level 5. HP: 28/28 MP: 9/9
   735 | D:4      | Slain by an ogre

Vault maps used:
D:1:      dpeg_chamrin_arrival_tetris
D:2:      okawaru_trees_1, first_ration, lemuel_statue_altar
D:3:      nicolae_overflow_crystal_walls, serial_co_window_serial,
          co_window_corner_a, co_window_of_opportunity_a, co_window_paths_a,
          co_window_corner_a, co_window_paths_a, co_window_cross_2,
          co_window_2corner, co_window_broadway_b, co_window_broadway_c,
          co_window_cross_4, glass_columns_c, glass_columns_a, glass_columns_b,
          glass_columns_b
D:4:      zin_academy, lemuel_crystal_altar, lemuel_round_altar, serial_shops,
          shop, uniq_crazy_yiuf_cottage, uniq_blork_the_orc
D:5:      kennysheep_little_box, gammafunk_ghost_necromancy

Skill      XL: |  1  2  3  4 |
---------------+-------------+-----
Polearms       | 2 3 4 |  4.4
Fighting       | 2 3 |  3.2
Armour         | |  0.7
Dodging        | |  1.5
Spellcasting   | |  2.1
Charms         | |  3.0

Action                   |  1- 3 |  4- 6 || total
-------------------------+-------+-------++-------
Melee: Spear             |    96 |    14 ||   110
       Bite              |    12 |     4 ||    16
 Cast: Infusion          |     1 |       ||     1
       Song of Slaying   |     2 |       ||     2
       Shroud of Golubri |     1 |     1 ||     2
  Use: Scroll            |     1 |       ||     1
Armor: Leather armour    |    28 |       ||    28
Dodge: Dodged            |    49 |     7 ||    56

Table legend:
 A = Spawn XP
 B = Non-spawn XP
 C = Spawn XP percentage of total XP
 D = Spawn monster count
 E = Non-spawn monster count
 F = Spawn count percentage of total count
 G = Total turns spent on level
                    A         B        C        D         E        F      G
               +---------+---------+-------+---------+---------+-------+---------
         Total |       0 |     276 |   0.0 |       0 |      28 |   0.0 |   735
               +---------+---------+-------+---------+---------+-------+---------
           D:1 |       0 |      31 |   0.0 |       0 |      15 |   0.0 |   266
           D:2 |       0 |       8 |   0.0 |       0 |       5 |   0.0 |   180
           D:3 |       0 |      20 |   0.0 |       0 |       6 |   0.0 |   152
           D:4 |       0 |     217 |   0.0 |       0 |       2 |   0.0 |   135
               +---------+---------+-------+---------+---------+-------+---------
